 Dungeon Crawl Stone Soup version bcrawl-1.12-5-g74a5124548 (webtiles) character file.

Game seed: 3491292459598270013

0 MisterOstroum the Sneak (level 1, -2/15 HPs)
             Began as a Demonspawn Archaeologist on May 31, 2019.
             Slain by a jackal (3 damage)
             ... on level 1 of the Dungeon.
             The game lasted 00:00:29 (30 turns).

MisterOstroum the Sneak (Demonspawn Archaeologist)    Turns: 30, Time: 00:00:30

Health: -2/15      AC:  8    Str: 11    XL:     1   Next: 0%
Magic:  1/1        EV: 12    Int: 15    God:
Gold:   0          SH:  0    Dex: 11    Spells: 0/0 levels left

rFire    . . .     SeeInvis .   h - -2 club (curse)
rCold    . . .     Gourm    .   (no shield)
rNeg     . . .     Faith    .   a - +1 robe
rPois    .         Spirit   .   b - +1 hat
rElec    .         Reflect  .   (no cloak)
rCorr    .         Harm     .   d - +1 pair of gloves
MR       .....                  c - +1 pair of boots
Stlth    ++........             (no amulet)
HPRegen  0.05/turn              (no ring)
MPRegen  0.07/turn              (no ring)

@: no status effects
A: no striking features
a: no special abilities


You were on level 1 of the Dungeon.
You were not hungry.

You visited 1 branch of the dungeon, and saw 1 of its levels.

Inventory:

Hand Weapons
 h - a cursed -2 club (weapon)
Armour
 a - a +1 robe (worn)
 b - a +1 hat (worn)
 c - a +1 pair of boots (worn)
 d - a +1 pair of gloves (worn)
Miscellaneous
 f - an ancient crate
 g - a dusty tome
Comestibles
 e - a ration {!d}


   Skills:
 + Level 1.0 Fighting
 - Level 2.6 Dodging
 - Level 3.0 Stealth


You couldn't memorise any spells.
You didn't know any spells.
Your spell library was empty.

Dungeon Overview and Level Annotations

Branches:
Dungeon (1/12)

Altars:


Message History

You see here a runed club.
h - a runed club Wear which item? (? for menu, Esc to quit)
Okay, then.
Wield which item (- for none, * to show all)? (? for menu, Esc to quit)
It sticks to your hand!
h - a cursed -2 club (weapon)
The goblin shouts!
A rat comes into view.
The hobgoblin misses you.
A jackal comes into view.
The hobgoblin completely misses you.
Found 12 gold pieces.
You closely miss the hobgoblin. The hobgoblin misses you.
You barely miss the hobgoblin. The hobgoblin misses you.
The dart slug barely misses you.
You hit the hobgoblin but do no damage. The hobgoblin hits you with a +0 club.
The dart slug barely misses you.
You closely miss the hobgoblin. The hobgoblin barely misses you.
The dart slug launches a dart at you. The slug dart misses you.
The slug dart hits the hobgoblin.
The hobgoblin dies!
A jackal comes into view.
You closely miss the goblin. The goblin closely misses you.
The dart slug closely misses you.
You completely miss the goblin. The goblin barely misses you.
The dart slug closely misses you. The goblin barely misses you.
You closely miss the goblin. The goblin misses you.
The dart slug launches a dart at you. The slug dart hits you!
You barely miss the goblin. The goblin barely misses you.
The dart slug closely misses you.
You closely miss the goblin. The goblin misses you. The goblin hits you.
The dart slug launches a dart at you. The slug dart hits you!
You hit the goblin.
The goblin is heavily wounded.
The goblin hits you but does no damage.
You barely miss the goblin.
The goblin is heavily wounded.
The dart slug bites you. The goblin hits you but does no damage.
You are too injured to fight recklessly!
You are too injured to fight recklessly!
You hit the dart slug but do no damage.
A jackal comes into view.
The goblin closely misses you. The dart slug launches a dart at you.
The slug dart hits you! The jackal barely misses you.
The jackal barks!
You hit the dart slug.
The dart slug is moderately wounded.
You hear a bark!
The jackal closely misses you. The goblin hits you.
The dart slug barely misses you. The jackal misses you.
The goblin hits you but does no damage. The dart slug launches a dart at you.
The slug dart hits you!
You barely miss the rat. The jackal misses you.
The rat bites you but does no damage. The jackal closely misses you.
The goblin hits you but does no damage. The dart slug closely misses you.
You hit the dart slug but do no damage.
The dart slug is moderately wounded.
The jackal misses you. The rat bites you. The goblin misses you.
The jackal bites you but does no damage.
The jackal closely misses you.
The dart slug bites you but does no damage.
You barely miss the dart slug.
The dart slug is moderately wounded.
The jackal bites you but does no damage.
The jackal barely misses you. The rat bites you but does no damage.
The goblin completely misses you. The jackal misses you.
The rat barely misses you. The jackal closely misses you.
The goblin hits you but does no damage.
The dart slug bites you but does no damage.
You hit the dart slug but do no damage.
The dart slug is moderately wounded.
The jackal bites you but does no damage.
The jackal closely misses you. The rat barely misses you.
The goblin hits you but does no damage. The jackal closely misses you.
The jackal bites you but does no damage.
You hit the dart slug but do no damage.
The dart slug is moderately wounded.
The jackal bites you. The jackal barely misses you. The rat barely misses you.
The dart slug bites you but does no damage.
The goblin closely misses you. The jackal completely misses you.
You hit the dart slug.
The dart slug is moderately wounded.
The jackal completely misses you. The jackal bites you.
* * * LOW HITPOINT WARNING * * *
The rat closely misses you. The jackal closely misses you.
The goblin completely misses you. The jackal misses you.
The dart slug completely misses you. The jackal bites you.
* * * LOW HITPOINT WARNING * * *
The rat barely misses you.
You hit the dart slug.
The dart slug is heavily wounded.
The jackal closely misses you.
The jackal bites you but does no damage.
The goblin barely misses you. The jackal bites you.
You die...

..............
$............
............###
...............#
................#
................
.......h.r......
#.....h@w.#
#.#...gh#.#
##.#...).#.###
#..#.....#..?...
#..#.....#......
#..#..<..#......
.....#.....#......
####..#.....#..###.
#..#.....#....


You could see a dart slug, 3 jackals, a goblin and a rat.

Vanquished Creatures (others)
  A hobgoblin (D:1)
1 creature vanquished.

Notes
Turn   | Place    | Note
-------+----------+-------------------------------------------
     0 | D:1      | MisterOstroum the Demonspawn Archaeologist began the quest
                  | for the Orb.
     0 | D:1      | Reached XP level 1. HP: 15/15 MP: 1/1
    30 | D:1      | Slain by a jackal

Action                   || total
-------------------------++-------
Melee: Club              ||    20
Armor: Robe              ||    18
Dodge: Dodged            ||    49
